 Dungeon Crawl Stone Soup version 0.31-a0-925-g0a390f2509 (webtiles) character file.

Game seed: 1711996150629117585

10194 GloriousHammer the Cleaver (level 11, -11/98 HPs)
             Began as an Armataur Fighter on Oct 18, 2023.
             Was an Elder of Qazlal.
             Mangled by a white ugly thing (31 damage)
             ... on level 14 of the Dungeon on Oct 19, 2023.
             The game lasted 00:27:40 (10070 turns).

GloriousHammer the Cleaver (Armataur Fighter)      Turns: 10070, Time: 00:27:41

Health: -11/98     AC:  9    Str: 21    XL:     11   Next: 33%
Magic:  0/16       EV:  9    Int: 10    God:    Qazlal [****..]
Gold:   743        SH:  9    Dex:  5    Spells: 6/10 levels left

rFire   + + +        t - +5 war axe
rCold   . . .        c - +0 buckler
rNeg    . . .        S - +0 swamp dragon scales
rPois   +            (no helmet)
rElec   .            (no cloak)
rCorr   .            (no gloves)
SInv    .            (no barding)
Will    +....        V - amulet of Summertime {Spirit rF++ Regen+ Dex-4} Stlth
                     W - ring of willpower
HPRegen 1.16/turn    L - ring of flight
MPRegen 0.15/turn

%: repel missiles, guardian spirit, roll
@: lethally poisoned (-11 -> -14), flying
A: large, rugged brown scales 3, deformed body, armoured tail, roll, long
tongue, awkward tongue, iridescent scales 1, fire resistance 1, poison
resistance, weak 2
a: Renounce Religion, Upheaval, Elemental Force


You were on level 14 of the Dungeon.
You worshipped Qazlal.
Qazlal was greatly pleased with you.
You visited 2 branches of the dungeon, and saw 13 of its levels.

You collected 743 gold pieces.

Inventory:

Hand Weapons
 b - a +0 sling
 q - a +2 dagger of electrocution
 t - a +5 war axe (weapon)
 u - a +1 broad axe of flaming
 C - the +6 hand axe "Xunesamot" {heavy, Will++ Str+2}
   (You took it off a hobgoblin on level 4 of the Dungeon)

   Str+2:     It affects your strength (+2).
   Will++:    It greatly increases your willpower.
Missiles
 e - 6 datura-tipped darts
 n - 49 poisoned darts
 p - 6 atropa-tipped darts
 F - 10 boomerangs
 K - 3 javelins
 Y - 2 curare-tipped darts
Armour
 c - a +0 buckler (worn)
 S - +0 swamp dragon scales (worn)
Jewellery
 B - an amulet of the acrobat
 D - a +6 ring of dexterity
 L - a ring of flight (right hand)
 O - an amulet of faith
 P - a ring of poison resistance
 Q - an amulet of regeneration
 V - the amulet of Summertime (around neck) {Spirit rF++ Regen+ Dex-4}
   (You found it on level 4 of the Dungeon)

   [amulet of guardian spirit]

   Spirit:    It causes incoming damage to be divided between your reserves of
   health and magic.
   Dex-4:     It affects your dexterity (-4).
   rF++:      It greatly protects you from fire.
   Regen+:    It increases your rate of health regeneration.
 W - a ring of willpower (left hand)
Wands
 H - a wand of roots (10)
 T - a wand of digging (2)
Scrolls
 h - 8 scrolls of teleportation
 i - 2 scrolls of identify
 j - a scroll of blinking
 l - 4 scrolls of enchant armour
 s - a scroll of poison
 v - 3 scrolls of fear {unknown}
 x - 2 scrolls of butterflies {unknown}
 y - 3 scrolls of silence {unknown}
 A - 2 scrolls of immolation {unknown}
 E - 2 scrolls of enchant weapon {unknown}
 G - 2 scrolls of fog {unknown}
 J - a scroll of vulnerability {unknown}
 N - a scroll of noise {unknown}
 Z - a scroll of amnesia
Potions
 a - 3 potions of berserk rage {unknown}
 f - 3 potions of heal wounds
 g - 6 potions of brilliance
 k - 7 potions of curing
 m - 6 potions of magic {unknown}
 o - a potion of might
 r - a potion of mutation
 w - 2 potions of cancellation
 z - 2 potions of enlightenment {unknown}
 I - 3 potions of degeneration {unknown}
 R - a potion of attraction {unknown}
 X - a potion of lignification {unknown}


   Skills:
 + Level 7.2 Fighting
 + Level 9.0(9.7) Axes
 - Level 6.0(8.7) Maces & Flails
 - Level 3.8 Armour
 + Level 5.3 Dodging
 - Level 5.0 Shields
 + Level 7.1 Invocations


You had 6 spell levels left.
You knew the following spells:

 Your Spells              Type           Power      Damage    Failure   Level
a - Blink                 Tloc           0%         N/A       73%         2
b - Lesser Beckoning      Tloc           0%         N/A       73%         2

Your spell library contained the following spells:

 Spells                   Type           Power      Damage    Failure   Level
 Apportation              Tloc           0%         N/A       58%         1
 Magic Dart               Conj           0%         1d3       58%         1
 Shock                    Conj/Air       0%         1d3       58%         1
 Slow                     Hex            0%         N/A       58%         1
 Call Imp                 Summ           0%         N/A       73%         2
 Cigotuvi's Dreadful Rot  Necr/Pois/Air  0%         N/A       73%         2
 Jinxbite                 Hex            0%         N/A       73%         2
 Momentum Strike          Conj/Tloc      0%         3d8       73%         2
 Poisonous Vapours        Pois/Air       0%         N/A       73%         2
 Searing Ray              Conj           0%         2d4       73%         2
 Confusing Touch          Hex            0%         N/A       91%         3
 Dazzling Flash           Conj/Hex       0%         N/A       91%         3
 Ignite Poison            Fire/Tmut/Pois 0%         N/A       91%         3
 Mephitic Cloud           Conj/Pois/Air  0%         N/A       91%         3
 Sigil of Binding         Hex            0%         N/A       91%         3
 Swiftness                Air            0%         N/A       91%         3
 Vampiric Draining        Necr           0%         2d6       91%         3
 Volatile Blastmotes      Fire/Tloc      0%         2d10      91%         3
 Airstrike                Air            0%         2d(0-16)  100%        4
 Fulminant Prism          Conj/Hex       0%         3d5       100%        4
 Iskenderun's Mystic Bla  Conj/Tloc      0%         2d3       100%        4
 Sticky Flame             Conj/Fire      0%         2d3       100%        4
 Alistair's Intoxication  Tmut/Pois      0%         N/A       100%        5
 Freezing Cloud           Conj/Ice/Air   0%         6-21      100%        5
 Starburst                Conj/Fire      0%         6d3       100%        6
 Ignition                 Fire           0%         3d3       100%        8
 Maxwell's Capacitive Co  Air            0%         ∞         100%        8


Dungeon Overview and Level Annotations

Branches:
Dungeon (11/15)            Temple (1/1) D:6            Lair (0/5) D:11
    Orc (0/2) D:11

Altars:
Ashenzari
Cheibriados
Dithmenos
Elyvilon
Fedhas
Gozag
Hepliaklqana
Kikubaaqudgha
Makhleb
Nemelex Xobeh
Okawaru
Qazlal
Ru
Sif Muna
Trog
Uskayaw
Vehumet
Wu Jian
Xom
Yredelemnul
Zin
The Shining One

Shops:
D:1 (   D:11 ??

Portals:
Trove: D:10 (give +7 demon trident)

Annotations:
D:9 exclusion: downstairs


Innate Abilities, Weirdness & Mutations

You are completely covered in rugged brown scales. (AC +3, +7% HP)
Armour fits poorly on your strangely shaped body.
You have a long armoured tail.
You roll when moving toward enemies. (Rampage)
Your long tongue fully drains potion bottles. (2x potion effects)
Your tongue gives you trouble enunciating. (1.5x scroll delay)
You are partially covered in iridescent scales. (AC +2)
Your flesh is heat resistant. (rF+)
Your system is resistant to poisons. (rPois)
You are very weak. (Str -4)


Message History

A malevolent force fills the Dungeon...
You are sucked into a shaft and drop 3 floors!
The shaft crumbles and collapses.
You hear a horrible gurgling sound! x2
You hear a horrible gurgling sound!
A white ugly thing comes into view.
The white ugly thing gurgles horribly!
You hear a horrible gurgling sound!
You roll towards the white ugly thing!
You hear a horrible gurgling sound!
A white ugly thing comes into view.
The white ugly thing gurgles horribly!
You hear a horrible gurgling sound!
A white ugly thing comes into view.
A white ugly thing comes into view.
Aiming: Charm
Press: ? - help, Shift-Dir - straight line, f - white ugly thing
Aim: a white ugly thing (chance to affect: 31%)
The white ugly thing easily resists.
The now-empty wand crumbles to dust.
The white ugly thing basks in the mutagenic energy from its kin and changes!
Okay, then.
Throw: 2 javelins (silver)
Press: ? - help, Q - select action, (/) - cycle Shift-Dir - straight line, f - red ugly thing, p - white ugly thing
Aim: a red ugly thing (50% to hit, chaotic)
You throw a silver javelin.
The silver javelin pierces through the white ugly thing but does no damage.
The silver sears the white ugly thing!
The white ugly thing is lightly wounded.
The silver javelin closely misses the white ugly thing.
The silver javelin pierces through the white ugly thing.
The silver sears the white ugly thing!
The white ugly thing is lightly wounded.
The silver javelin pierces through the red ugly thing!
The silver sears the red ugly thing!
The red ugly thing is moderately wounded.
The white ugly thing barely misses you.
Throw: javelin (silver)
Press: ? - help, Q - select action, (/) - cycle Shift-Dir - straight line, f/p - red ugly thing
Aim: a red ugly thing (moderately wounded, 50% to hit, chaotic)
You throw a silver javelin.
The silver javelin closely misses the white ugly thing.
The silver javelin barely misses the white ugly thing. x2
The silver javelin pierces through the red ugly thing!
The silver sears the red ugly thing!
The red ugly thing is severely wounded.
You block the white ugly thing's attack.
The white ugly thing kicks you! The white ugly thing freezes you!!
Unknown command.
You slash the white ugly thing! You tail-slap the white ugly thing!
The white ugly thing is moderately wounded.
The white ugly thing kicks you. The white ugly thing freezes you!
Unknown command.
You closely miss the white ugly thing.
The white ugly thing is moderately wounded.
The white ugly thing kicks you. The white ugly thing freezes you!!
* * * LOW HITPOINT WARNING * * *
The white ugly thing basks in the mutagenic energy from its kin and changes!
You feel much better.
You slurp down every last drop of the potion of heal wounds!
The white ugly thing closely misses you.
The white ugly thing attacks as it pursues you!
The white ugly thing kicks you! The white ugly thing freezes you!!
Unknown command.
You feel much better.
You slurp down every last drop of the potion of heal wounds!
The white ugly thing barely misses you.
Okay, then.
It was a potion of mutation.
You feel extremely strange.
You feel weaker.
You feel resistant to heat.
You feel weaker.
Iridescent scales grow over part of your body.
You feel resistant to poisons.
You slurp down every last drop of the potion of mutation!
You block the white ugly thing's attack.
The green ugly thing attacks as it pursues you!
The green ugly thing barely misses you.
Found a stone staircase leading down.
The green ugly thing is engulfed in blazing flames.
Okay, then.
As you slowly read the scroll of revelation, it crumbles to dust.
You feel aware of your surroundings.
You sensed 1 shop/portal.
The red ugly thing basks in the mutagenic energy from its kin and changes!
The white ugly thing is engulfed in blazing flames.
The green ugly thing trunk-slaps you.
You are poisoned.
The green ugly thing poisons you!
It was a potion of cancellation.
You feel magically purged.
You slurp down every last drop of the potion of cancellation!
You feel extremely sick.
The white ugly thing kicks you but does no damage.
The green ugly thing trunk-slaps you!
You feel very sick.
The white ugly thing attacks as it pursues you!
The white ugly thing kicks you! The white ugly thing freezes you!!
The green ugly thing closely misses you.
You feel very sick.
You block the green ugly thing's attack.
You feel very sick. The white ugly thing tail-slaps you!
* * * LOW HITPOINT WARNING * * *
The white ugly thing freezes you!!
You die...

*,,,,* *,,,<,,...#
*,,,,* *,,,,,,...#
*,,,.###########..#
*,,,.###########..#
*,,,.###########..#
*,,,.###########.(#
***,.###########..#
*****,.###########☼.#
,,,,,,>......u§u@...#
,,,,,,.........u....#
,,,,**########u####.#
*,*,* ########..###.#
,,,,* ######.....##.#
*,*,**#####..#.#..#.#
,,,,,,..............#
,,,,,,.......#.#....#
******######.....##.#


You could see 4 ugly things.

Vanquished Creatures
  A two-headed ogre (D:10)
  A death yak (D:10)
  Maggie (D:9)
  2 kobold demonologists (D:10)
  2 trolls (D:9)
  Prince Ribbit (D:9)
  A hornet (D:9)
  Sigmund (D:2)
  16 yaks
  A shadow (D:9)
  A wraith (D:9)
  A basilisk (shapeshifter) (D:10)
  A steam dragon (D:8)
  Menkaure (D:5)
  Edmund (D:5)
  An acid dragon (D:10)
  A water moccasin (D:8)
  5 orc warriors
  A black bear (D:5)
  A sky beast (D:6)
  2 ice beasts
  A centaur (D:7)
  6 kobold brigands
  A scorpion (D:5)
  A gnoll sergeant (D:10)
  5 wights (D:6)
  14 killer bees
  10 howler monkeys
  A crimson imp (D:8)
  A lava snake (D:10)
  4 jellies
  2 hounds (D:5)
  2 gnoll boudas
  4 orc priests
  2 sleepcaps
  Jessica (D:3)
  5 iguanas
  Ijyb (D:5)
  Natasha (twice) (D:3)
  5 orc wizards
  19 gnolls
  6 adders
  2 shadow imps
  3 white imps
  3 dart slugs
  30 orcs
  9 bats
  8 endoplasms
  3 giant cockroaches
  4 goblins
  7 hobgoblins
  26 kobolds
  7 ball pythons
  3 frilled lizards
  2 rats
243 creatures vanquished.

Notes
Turn   | Place    | Note
-------+----------+-------------------------------------------
     0 | D:1      | GloriousHammer the Armataur Fighter began the quest for the
                  | Orb.
     0 | D:1      | Reached XP level 1. HP: 19/19 MP: 1/1
    90 | D:1      | Reached XP level 2. HP: 25/26 MP: 2/2
   350 | D:1      | Found Ateowkoz's Antique Weapon Boutique.
   529 | D:1      | Reached XP level 3. HP: 27/32 MP: 3/3
   739 | D:2      | Found a radiant altar of Vehumet.
   892 | D:2      | Noticed Sigmund
   899 | D:2      | Killed Sigmund
   900 | D:2      | Reached skill level 5 in Maces & Flails
   900 | D:2      | Reached XP level 4. HP: 16/39 MP: 4/4
   900 | D:2      | Reached XP level 5. HP: 19/47 MP: 5/5
  1471 | D:2      | Learned a level 2 spell: Blink
  1474 | D:2      | Learned a level 2 spell: Lesser Beckoning
  1484 | D:3      | Noticed Jessica
  1487 | D:3      | Killed Jessica
  1579 | D:3      | Reached XP level 6. HP: 53/53 MP: 6/6
  1833 | D:3      | Noticed Natasha
  1843 | D:3      | Killed Natasha
  1964 | D:3      | Noticed Natasha
  1969 | D:3      | Killed Natasha
  1981 | D:3      | Found an ancient bone altar of Kikubaaqudgha.
  2525 | D:4      | Reached skill level 1 in Axes
  2618 | D:4      | Identified the +6 hand axe "Xunesamot" {heavy, Will++
                  | Str+2}
  3029 | D:4      | Identified the amulet of Summertime {Spirit rF++ Regen+
                  | Dex-4}
  3127 | D:4      | Reached skill level 2 in Axes
  3720 | D:5      | Entered Level 5 of the Dungeon
  3741 | D:5      | Reached XP level 7. HP: 53/59 MP: 7/7
  3825 | D:5      | Reached skill level 3 in Axes
  3934 | D:5      | Reached skill level 4 in Axes
  4368 | D:5      | Noticed Menkaure
  4375 | D:5      | Killed Menkaure
  4376 | D:5      | Reached skill level 5 in Axes
  4525 | D:5      | Noticed Ijyb
  4536 | D:5      | Killed Ijyb
  4537 | D:5      | Reached XP level 8. HP: 47/66 MP: 8/8
  4806 | D:5      | Noticed Edmund
  4815 | D:5      | Killed Edmund
  4816 | D:5      | Reached skill level 6 in Axes
  5441 | D:6      | Found a staircase to the Ecumenical Temple.
  5463 | Temple   | Entered the Ecumenical Temple
  5470 | Temple   | Became a worshipper of Qazlal Stormbringer
  5612 | D:6      | Reached skill level 1 in Invocations
  5721 | D:6      | Reached skill level 1 in Dodging
  6280 | D:7      | Reached * piety under Qazlal
  6283 | D:7      | Reached XP level 9. HP: 46/75 MP: 10/10
  6799 | D:7      | Reached skill level 7 in Axes
  6905 | D:7      | Found a shimmering blue altar of Sif Muna.
  6954 | D:8      | Reached skill level 5 in Shields
  7085 | D:8      | Reached ** piety under Qazlal
  7322 | D:8      | Found a sparkling altar of Nemelex Xobeh.
  7412 | D:8      | Found a burning altar of Makhleb.
  7419 | D:8      | Found a shimmering altar of Xom.
  7879 | D:9      | Noticed Prince Ribbit
  7894 | D:9      | Killed Prince Ribbit
  7895 | D:9      | Reached skill level 5 in Fighting
  8024 | D:8      | Reached XP level 10. HP: 54/86 MP: 7/13
  8367 | D:9      | Reached skill level 5 in Invocations
  8449 | D:9      | Noticed Maggie
  8463 | D:9      | Killed Maggie
  8464 | D:9      | Reached skill level 8 in Axes
  8766 | D:10     | Entered Level 10 of the Dungeon
  8766 | D:10     | Found a bloodstained altar of Trog.
  8767 | D:10     | Found a glowing golden altar of the Shining One.
  8774 | D:10     | Found a hazy altar of Hepliaklqana.
  8972 | D:10     | Reached *** piety under Qazlal
  9047 | D:10     | Found a blossoming altar of Fedhas.
  9069 | D:10     | Found a broken altar of Ashenzari.
  9070 | D:10     | Found a basalt altar of Yredelemnul.
  9326 | D:10     | Noticed a two-headed ogre
  9328 | D:10     | Found a hide-covered altar of Uskayaw.
  9332 | D:10     | Killed a two-headed ogre
  9350 | D:10     | Reached XP level 11. HP: 95/97 MP: 10/15
  9410 | D:10     | Reached skill level 5 in Dodging
  9465 | D:10     | Found a portal to a secret trove of treasure.
  9806 | D:11     | Noticed a death yak
  9807 | D:11     | Noticed a death yak
  9832 | D:11     | Noticed a death yak
  9832 | D:11     | Found Ibroczir's Magic Scroll Shoppe.
  9858 | D:11     | Found a staircase to the Orcish Mines.
  9879 | D:10     | Killed a death yak
  9908 | D:11     | Upgraded the game from 0.31-a0-920-g28cbb04a8c to
                  | 0.31-a0-925-g0a390f2509
  9908 | D:11     | Found Ferphuaw's Magic Scroll Shoppe.
 10004 | D:10     | Reached skill level 9 in Axes
 10004 | D:10     | Reached **** piety under Qazlal
 10028 | D:11     | You are sucked into a shaft and drop 3 floors!
 10041 | D:14     | Noticed a white ugly thing
 10044 | D:14     | Noticed a white ugly thing
 10046 | D:14     | Noticed a white ugly thing
 10047 | D:14     | Noticed a white ugly thing
 10062 | D:14     | Gained mutation: You are weak. (Str -2) [potion of
                  | mutation]
 10062 | D:14     | Gained mutation: Your flesh is heat resistant. (rF+)
                  | [potion of mutation]
 10062 | D:14     | Gained mutation: You are very weak. (Str -4) [potion of
                  | mutation]
 10062 | D:14     | Gained mutation: You are partially covered in iridescent
                  | scales. (AC +2) [potion of mutation]
 10062 | D:14     | Gained mutation: Your system is resistant to poisons.
                  | (rPois) [potion of mutation]
 10070 | D:14     | Mangled by a white ugly thing

Illustrated notes

Levels and vault maps discovered:
D:1:      dpeg_arrival_tiny_d, layout_basic, serial_shops,
          nicolae_shop_just_a_little_nook, serial_rivers,
          chequers_serial_rivers_large_a, chequers_serial_rivers_room_a,
          chequers_serial_rivers_micro_d, chequers_serial_rivers_marsh
D:2:      layout_loops_cross, basic_altar, uniq_sigmund
D:3:      kennysheep_big_flooded_room, layout_basic,
          nicolae_overflow_crystal_walls, uniq_natasha, uniq_jessica
D:4:      layout_layer_cave, chequers_big_river
D:5:      layout_layer_cave, uniq_menkaure, uniq_edmund, uniq_ijyb
D:6:      layout_gridville, minmay_temple_entry_wispy, minivault_25,
          minmay_holes, minmay_crossroads
D:7:      layout_basic, lemuel_blue_sif_altar
D:8:      layout_gridville, grunt_temple_overflow_champion_of_chaos,
          nemelex_spade_bored_becter
D:9:      layout_loops_ring, uniq_maggie, uniq_prince_ribbit1
D:10:     layout_rooms, nicolae_overflow_macrodata_refinement,
          nicolae_uskayaw_dance_hall, nicolae_overflow_two_pavilions,
          nicolae_trove_entry_columns
D:11:     layout_rooms, dpeg_lair_monsters, orc_0_dummy, serial_shops,
          bzr_entry_water, shop, nicolae_take_the_stairs,
          nicolae_shop_pleasant_corner_grove, nicolae_shop_back_alley_shop,
          nicolae_qazlal_style_of_elements
D:14:     layout_long_grid, erik_vaults_1, serial_co_window_serial,
          co_window_paths_a, co_window_paths_a, co_window_corner_a,
          co_window_corner_a, co_window_of_opportunity_a, co_window_paths_b,
          co_window_corner_a, co_window_corner_a, co_window_paths_a,
          co_window_corner_cb, co_window_unsneaky_path_d,
          co_window_of_opportunity_b, co_window_4corner_a, co_window_paths_e,
          glass_columns_a, glass_columns_a, glass_columns_a, glass_columns_a,
          glass_columns_c, lemuel_flamethrower_3
Temple:   compressed_dpeg_circular_temple

Skill      XL: |  1  2  3  4  5  6  7  8  9 10 11 |
---------------+----------------------------------+-----
Maces & Flails | 2 5 6 |  6.0
Axes           | 2 5 6 7 8 9 |  9.0
Fighting       | 3 5 6 7 |  7.2
Invocations    | 2 4 6 7 |  7.1
Dodging        | 1 3 4 5 |  5.3
Shields        | 4 5 |  5.0
Armour         | |  3.8

Action                     |  1- 3 |  4- 6 |  7- 9 | 10-12 || total
---------------------------+-------+-------+-------+-------++-------
  Melee: Flail             |    73 |    59 |       |       ||   132
         Tailslap          |     3 |    17 |    23 |    32 ||    75
         Dagger            |       |    85 |       |       ||    85
         Hand axe          |       |    18 |   235 |   224 ||   477
         War axe           |       |       |       |     4 ||     4
  Throw: Javelin           |       |       |       |     2 ||     2
 Invoke: Upheaval          |       |       |       |     1 ||     1
  Evoke: Wand              |       |       |       |     1 ||     1
    Use: Potion            |     1 |       |     1 |     4 ||     6
         Scroll            |       |       |     9 |     3 ||    12
 Armour: Scale mail        |    61 |    24 |       |       ||    85
         Chain mail        |       |    93 |    54 |       ||   147
         Plate armour      |       |       |   237 |    57 ||   294
         Swamp dragon scal |       |       |       |   172 ||   172
  Dodge: Dodged            |    32 |    46 |    75 |    79 ||   232
  Block: Buckler           |     7 |    36 |    81 |   101 ||   225

Table legend: (Time is in decaauts)
 A = Elapsed time spent in this place.
 B = Non-inter-level travel time spent in this place.
 C = Inter-level travel time spent in this place.
 D = Time resting spent in this place.
 E = Time spent auto-exploring this place.
 F = Levels seen in this place.
 G = Mean time per level.
                   A        B        C        D        E       F      G
               +--------+--------+--------+--------+--------+-----+--------+
         Total |  10315 |   9913 |    402 |   1220 |   6371 |  13 |  793.5 |
       Dungeon |  10300 |   9898 |    402 |   1220 |   6371 |  12 |  858.3 |
        Temple |     14 |     14 |      0 |      0 |      0 |   1 |   14.0 |
               +--------+--------+--------+--------+--------+-----+--------+

Top non-repeatable levels by time:
     D:5: 1555 daAuts
     D:4: 1526 daAuts
    D:10: 1173 daAuts
     D:8: 1027 daAuts
     D:7: 975 daAuts
     D:9: 954 daAuts
     D:2: 776 daAuts
     D:3: 736 daAuts
     D:6: 734 daAuts
     D:1: 731 daAuts
    D:11: 65 daAuts
    D:14: 43 daAuts
  Temple: 14 daAuts
